2056 views
Uploaded 2023-07-06 23:26:58
Game version 1.36 (6115)
10:21 long 4on4 ladder game on (8)ChimneyIsles_S2_v1.3
Saved by DKnight
2056 views
Uploaded 2023-07-06 23:26:58
Game version 1.36 (6115)
10:21 long 4on4 ladder game on (8)ChimneyIsles_S2_v1.3


53 units @ 7.4k
/ 0.8k
40 buildings @ 6.8k
/ 2.6k

| Rod of Necromancy | 1 | 150 |
| Lesser Clarity Potion | 1 | 70 |
| Potion of Mana | 2 | 400 |
| Potion of Healing | 1 | 150 |
| Healing Salve | 1 | 100 |
| Scroll of Speed | 1 | 50 |
| total: | 7 | 920g |
| Acolyte | 3 | 225 | / | 0 |
| Ghoul | 2 | 240 | / | 0 |
| Crypt Fiend | 8 | 1720 | / | 320 |
| total: | 13 | 2185g | / | 320w |
| Ziggurat | 4 | 600 | / | 200 |
| Altar of Darkness | 1 | 180 | / | 50 |
| Graveyard | 1 | 215 | / | 0 |
| Crypt | 2 | 400 | / | 100 |
| Tomb of Relics | 1 | 130 | / | 30 |
| Halls of the Dead | 1 | 320 | / | 210 |
| total: | 9 | 1525g | / | 380w |
| 0:04 | Acolyte |
| 0:04 | Acolyte |
| 0:08 | Ziggurat |
| 0:09 | Altar of Darkness |
| 0:36 | Graveyard |
| 1:00 | Crypt |
| 1:19 | Crypt |
| 1:34 | Tomb of Relics |
| 2:04 | Ziggurat |
| 2:09 | Death Coil |
| 2:12 | Ghoul |
| 2:15 | Ghoul |
| 2:36 | Crypt Fiend |
| 2:58 | Crypt Fiend |
| 3:19 | Crypt Fiend |
| 3:33 | Rod of Necromancy |
| 3:59 | Crypt Fiend |
| 4:10 | Ziggurat |
| 4:51 | Unholy Aura |
| 5:03 | Crypt Fiend |
| 5:14 | Acolyte |
| 6:18 | Crypt Fiend |
| 6:22 | Ziggurat |
| 6:43 | Healing Salve |
| 6:43 | Lesser Clarity Potion |
| 7:00 | Halls of the Dead |
| 7:25 | Scroll of Speed |
| 8:01 | Potion of Mana |
| 8:25 | Potion of Healing |
| 8:33 | Crypt Fiend |
| 8:33 | Crypt Fiend |
| 8:54 | Potion of Mana |
| Right click | 365 |
| Select | 128 |
| Build/train/purchase | 34 |
| Select group | 33 |
| Use ability | 16 |
| Assign group | 12 |
| Resource trade | 5 |
| Minimap ping | 2 |

| Potion of Healing | 1 | 150 |
| Scroll of Town Portal | 1 | 350 |
| total: | 2 | 500g |
| Wisp | 7 | 420 | / | 0 |
| Chimaera | 3 | 990 | / | 210 |
| Goblin Shredder | 1 | 375 | / | 100 |
| total: | 11 | 1785g | / | 310w |
| Altar of Elders | 1 | 180 | / | 50 |
| Moon Well | 4 | 720 | / | 160 |
| Ancient of Wonders | 1 | 90 | / | 30 |
| Hunter's Hall | 1 | 210 | / | 100 |
| Ancient of Lore | 1 | 155 | / | 145 |
| Chimaera Roost | 2 | 280 | / | 380 |
| Tree of Ages | 1 | 320 | / | 180 |
| Tree of Eternity | 1 | 330 | / | 200 |
| total: | 10 | 1635g | / | 865w |
| 0:02 | Wisp |
| 0:03 | Wisp |
| 0:03 | Wisp |
| 0:11 | Altar of Elders |
| 0:17 | Moon Well |
| 0:38 | Ancient of Wonders |
| 0:47 | Wisp |
| 0:48 | Wisp |
| 0:48 | Wisp |
| 0:49 | Wisp |
| 2:06 | Tree of Ages |
| 2:12 | Immolation |
| 2:19 | Moon Well |
| 3:20 | Moon Well |
| 3:38 | Evasion |
| 3:47 | Hunter's Hall |
| 4:18 | Moon Well |
| 4:31 | Tree of Eternity |
| 5:34 | Goblin Shredder |
| 6:01 | Strength of the Wild |
| 6:30 | Ancient of Lore |
| 6:53 | Chimaera Roost |
| 6:57 | Chimaera Roost |
| 7:36 | Evasion |
| 7:40 | Potion of Healing |
| 8:16 | Chimaera |
| 8:26 | Chimaera |
| 8:29 | Chimaera |
| 9:22 | Improved Strength of the Wild |
| 9:48 | Scroll of Town Portal |
| Right click | 172 |
| Select | 103 |
| Build/train/purchase | 37 |
| Use ability | 6 |
| Resource trade | 5 |
| Assign group | 3 |
| Misc. action | 1 |

| Healing Salve | 1 | 100 |
| Rod of Necromancy | 1 | 150 |
| total: | 2 | 250g |
| Peon | 14 | 1050 | / | 0 |
| Grunt | 3 | 600 | / | 0 |
| Troll Headhunter | 4 | 560 | / | 80 |
| Goblin Shredder | 1 | 375 | / | 100 |
| total: | 22 | 2585g | / | 180w |
| Watch Tower | 1 | 110 | / | 80 |
| Orc Burrow | 4 | 640 | / | 160 |
| Altar of Storms | 1 | 180 | / | 50 |
| Barracks | 1 | 180 | / | 50 |
| War Mill | 1 | 205 | / | 0 |
| Voodoo Lounge | 1 | 130 | / | 30 |
| Great Hall | 1 | 385 | / | 185 |
| Stronghold | 1 | 315 | / | 190 |
| total: | 10 | 1830g | / | 555w |
| 0:03 | Peon |
| 0:03 | Peon |
| 0:03 | Peon |
| 0:03 | Peon |
| 0:28 | Orc Burrow |
| 0:33 | Altar of Storms |
| 0:58 | Peon |
| 1:12 | Barracks |
| 1:18 | Peon |
| 1:20 | Orc Burrow |
| 1:42 | War Mill |
| 1:44 | Peon |
| 2:04 | Voodoo Lounge |
| 2:15 | Grunt |
| 2:32 | War Stomp |
| 2:35 | Grunt |
| 2:58 | Grunt |
| 3:03 | Peon |
| 3:26 | Orc Burrow |
| 3:29 | Healing Salve |
| 3:39 | Troll Headhunter |
| 4:05 | Stronghold |
| 4:08 | Endurance Aura |
| 4:29 | Spiked Barricades |
| 4:39 | Orc Burrow |
| 5:01 | Goblin Shredder |
| 5:36 | Great Hall |
| 5:45 | Troll Headhunter |
| 6:05 | Troll Headhunter |
| 6:12 | Watch Tower |
| 6:46 | Troll Headhunter |
| 7:10 | Reinforced Defenses |
| 7:11 | Improved Spiked Barricades |
| 8:06 | Peon |
| 8:06 | Peon |
| 8:06 | Peon |
| 8:07 | Peon |
| 8:26 | Peon |
| 8:27 | Peon |
| 9:07 | Rod of Necromancy |
| 9:24 | Endurance Aura |
| Right click | 326 |
| Select | 174 |
| Select group | 119 |
| Build/train/purchase | 48 |
| Minimap ping | 18 |
| Assign group | 9 |
| Chat | 4 |
| Use ability | 3 |
| Misc. action | 2 |
| Item give/drop | 1 |


| Acolyte | 2 | 150 | / | 0 |
| Ghoul | 4 | 480 | / | 0 |
| Crypt Fiend | 1 | 215 | / | 40 |
| total: | 7 | 845g | / | 40w |
| Nerubian Tower | 1 | 100 | / | 20 |
| Spirit Tower | 1 | 145 | / | 40 |
| Altar of Darkness | 1 | 180 | / | 50 |
| Crypt | 1 | 200 | / | 50 |
| Ziggurat | 5 | 750 | / | 250 |
| Graveyard | 1 | 215 | / | 0 |
| Tomb of Relics | 1 | 130 | / | 30 |
| Boneyard | 2 | 350 | / | 400 |
| Halls of the Dead | 1 | 320 | / | 210 |
| Black Citadel | 1 | 325 | / | 230 |
| total: | 11 | 1825g | / | 780w |
| 0:13 | Acolyte |
| 0:13 | Acolyte |
| 0:30 | Altar of Darkness |
| 0:34 | Crypt |
| 0:39 | Ziggurat |
| 1:09 | Graveyard |
| 1:38 | Ghoul |
| 1:38 | Ghoul |
| 1:39 | Ghoul |
| 2:09 | Ghoul |
| 2:39 | Halls of the Dead |
| 2:42 | Carrion Beetles |
| 2:51 | Tomb of Relics |
| 2:56 | Ziggurat |
| 3:04 | Nerubian Tower |
| 3:23 | Creature Carapace |
| 3:57 | Spirit Tower |
| 4:00 | Creature Attack |
| 4:35 | Spiked Carapace |
| 5:35 | Black Citadel |
| 5:54 | Improved Creature Attack |
| 5:58 | Improved Creature Carapace |
| 6:38 | Death Coil |
| 6:47 | Ziggurat |
| 7:34 | Carrion Beetles |
| 9:04 | Boneyard |
| 9:06 | Web |
| 9:07 | Crypt Fiend |
| 9:20 | Boneyard |
| 9:29 | Ziggurat |
| 9:42 | Ziggurat |
| Right click | 91 |
| Select | 72 |
| Build/train/purchase | 30 |
| Use ability | 5 |
| Item give/drop | 1 |
79 units @ 11k
/ 1k
49 buildings @ 7.7k
/ 2.7k


| Peasant | 17 | 1275 | / | 0 |
| Footman | 5 | 675 | / | 0 |
| Rifleman | 4 | 820 | / | 120 |
| Priest | 2 | 270 | / | 20 |
| Forest Troll Shadow Priest | 1 | 195 | / | 10 |
| total: | 29 | 3235g | / | 150w |
| Altar of Kings | 1 | 180 | / | 50 |
| Farm | 9 | 720 | / | 180 |
| Barracks | 2 | 320 | / | 120 |
| Town Hall | 1 | 385 | / | 205 |
| Lumber Mill | 1 | 120 | / | 0 |
| Blacksmith | 1 | 140 | / | 60 |
| Arcane Vault | 2 | 260 | / | 60 |
| Arcane Sanctum | 2 | 300 | / | 280 |
| Keep | 1 | 320 | / | 210 |
| Castle | 1 | 360 | / | 210 |
| total: | 19 | 2425g | / | 955w |
| 0:02 | Peasant |
| 0:02 | Peasant |
| 0:07 | Altar of Kings |
| 0:18 | Farm |
| 0:19 | Barracks |
| 0:23 | Peasant |
| 0:34 | Peasant |
| 0:48 | Peasant |
| 1:03 | Farm |
| 1:11 | Peasant |
| 1:20 | Footman |
| 1:24 | Farm |
| 1:26 | Peasant |
| 1:40 | Footman |
| 1:48 | Peasant |
| 2:01 | Footman |
| 2:08 | Summon Water Elemental |
| 2:10 | Peasant |
| 2:27 | Forest Troll Shadow Priest |
| 2:40 | Footman |
| 2:47 | Peasant |
| 2:54 | Farm |
| 3:25 | Brilliance Aura |
| 3:32 | Town Hall |
| 4:03 | Peasant |
| 4:03 | Peasant |
| 4:15 | Defend |
| 4:37 | Peasant |
| 5:06 | Keep |
| 5:26 | Lumber Mill |
| 5:27 | Barracks |
| 5:29 | Blacksmith |
| 5:42 | Footman |
| 5:45 | Farm |
| 5:46 | Peasant |
| 5:47 | Peasant |
| 5:53 | Brilliance Aura |
| 6:21 | Rifleman |
| 6:31 | Arcane Vault |
| 6:33 | Arcane Vault |
| 6:42 | Rifleman |
| 6:44 | Black Gunpowder |
| 6:45 | Farm |
| 6:54 | Farm |
| 6:55 | Improved Lumber Harvesting |
| 7:43 | Arcane Sanctum |
| 7:48 | Rifleman |
| 8:12 | Peasant |
| 8:13 | Peasant |
| 8:28 | Holy Light |
| 8:36 | Long Rifles |
| 8:51 | Rifleman |
| 8:52 | Priest |
| 9:17 | Castle |
| 9:19 | Arcane Sanctum |
| 9:38 | Priest |
| 9:49 | Priest Adept Training |
| 9:49 | Farm |
| 9:51 | Farm |
| Right click | 653 |
| Select group | 646 |
| Select | 295 |
| Misc. action | 116 |
| Build/train/purchase | 76 |
| Assign group | 53 |
| Chat | 27 |
| Use ability | 10 |
| Minimap ping | 10 |
| Item give/drop | 1 |


| Rod of Necromancy | 2 | 300 |
| Lesser Clarity Potion | 1 | 70 |
| total: | 3 | 370g |
| Acolyte | 2 | 150 | / | 0 |
| Ghoul | 3 | 360 | / | 0 |
| Crypt Fiend | 9 | 1935 | / | 360 |
| Obsidian Statue | 2 | 400 | / | 70 |
| total: | 16 | 2845g | / | 430w |
| Crypt | 1 | 200 | / | 50 |
| Graveyard | 1 | 215 | / | 0 |
| Altar of Darkness | 1 | 180 | / | 50 |
| Ziggurat | 3 | 450 | / | 150 |
| Tomb of Relics | 1 | 130 | / | 30 |
| Slaughterhouse | 1 | 140 | / | 135 |
| Halls of the Dead | 1 | 320 | / | 210 |
| total: | 8 | 1315g | / | 415w |
| 0:03 | Acolyte |
| 0:03 | Acolyte |
| 0:07 | Crypt |
| 0:32 | Graveyard |
| 0:49 | Altar of Darkness |
| 1:03 | Ziggurat |
| 1:09 | Ghoul |
| 1:27 | Ghoul |
| 1:31 | Tomb of Relics |
| 1:45 | Ziggurat |
| 2:07 | Ghoul |
| 2:11 | Crypt Fiend |
| 2:44 | Crypt Fiend |
| 2:51 | Rod of Necromancy |
| 3:01 | Death Coil |
| 3:20 | Crypt Fiend |
| 3:53 | Halls of the Dead |
| 4:03 | Unholy Aura |
| 4:15 | Lesser Clarity Potion |
| 4:20 | Crypt Fiend |
| 4:21 | Ziggurat |
| 5:00 | Creature Attack |
| 5:31 | Crypt Fiend |
| 6:36 | Death Pact |
| 6:53 | Crypt Fiend |
| 6:56 | Slaughterhouse |
| 7:08 | Improved Creature Attack |
| 7:39 | Rod of Necromancy |
| 7:58 | Crypt Fiend |
| 8:01 | Creature Carapace |
| 8:02 | Frost Nova |
| 8:36 | Obsidian Statue |
| 9:10 | Crypt Fiend |
| 9:47 | Crypt Fiend |
| 9:51 | Obsidian Statue |
| 10:02 | Web |
| Right click | 628 |
| Select group | 524 |
| Select | 166 |
| Chat | 56 |
| Build/train/purchase | 48 |
| Misc. action | 44 |
| Assign group | 37 |
| Use ability | 17 |
| Item give/drop | 1 |
| Minimap ping | 1 |


| Healing Salve | 1 | 100 |
| Scroll of Speed | 1 | 50 |
| total: | 2 | 150g |
| Peon | 10 | 750 | / | 0 |
| Grunt | 6 | 1200 | / | 0 |
| Shaman | 2 | 260 | / | 40 |
| total: | 18 | 2210g | / | 40w |
| Watch Tower | 1 | 110 | / | 80 |
| Altar of Storms | 1 | 180 | / | 50 |
| Orc Burrow | 4 | 640 | / | 160 |
| Barracks | 1 | 180 | / | 50 |
| Voodoo Lounge | 1 | 130 | / | 30 |
| War Mill | 1 | 205 | / | 0 |
| Great Hall | 1 | 385 | / | 185 |
| Spirit Lodge | 2 | 300 | / | 300 |
| Tauren Totem | 1 | 135 | / | 155 |
| Stronghold | 1 | 315 | / | 190 |
| Fortress | 1 | 325 | / | 190 |
| total: | 13 | 2265g | / | 1010w |
| 0:02 | Peon |
| 0:02 | Peon |
| 0:05 | Altar of Storms |
| 0:20 | Orc Burrow |
| 0:25 | Peon |
| 0:34 | Barracks |
| 0:41 | Peon |
| 0:52 | Peon |
| 1:14 | Peon |
| 1:36 | Grunt |
| 1:38 | Voodoo Lounge |
| 1:43 | Peon |
| 2:04 | Orc Burrow |
| 2:10 | Endurance Aura |
| 2:33 | Stronghold |
| 2:46 | Healing Salve |
| 2:47 | Scroll of Speed |
| 3:04 | Grunt |
| 3:26 | Shockwave |
| 3:37 | Orc Burrow |
| 3:41 | Grunt |
| 4:06 | War Mill |
| 4:35 | Grunt |
| 5:01 | Berserker Strength |
| 5:06 | Spirit Lodge |
| 5:28 | Fortress |
| 5:52 | Breath of Fire |
| 6:19 | Shaman Adept Training |
| 6:31 | Shockwave |
| 6:55 | Great Hall |
| 8:03 | Grunt |
| 8:19 | Shaman Master Training |
| 8:19 | Shaman |
| 8:39 | Drunken Brawler |
| 8:42 | Grunt |
| 9:02 | Spirit Lodge |
| 9:05 | Tauren Totem |
| 9:07 | Steel Armor |
| 9:24 | Orc Burrow |
| 9:51 | Shaman |
| 9:53 | Peon |
| 9:53 | Peon |
| 9:53 | Peon |
| 9:54 | Watch Tower |
| Right click | 490 |
| Select | 260 |
| Misc. action | 110 |
| Select group | 97 |
| Build/train/purchase | 34 |
| Assign group | 26 |
| Use ability | 19 |

| Acolyte | 2 | 150 | / | 0 |
| Ghoul | 3 | 360 | / | 0 |
| Crypt Fiend | 6 | 1290 | / | 240 |
| Gargoyle | 5 | 875 | / | 150 |
| total: | 16 | 2675g | / | 390w |
| Nerubian Tower | 1 | 100 | / | 20 |
| Spirit Tower | 1 | 145 | / | 40 |
| Altar of Darkness | 1 | 180 | / | 50 |
| Ziggurat | 3 | 450 | / | 150 |
| Crypt | 2 | 400 | / | 100 |
| Graveyard | 3 | 645 | / | 0 |
| Halls of the Dead | 1 | 320 | / | 210 |
| total: | 9 | 1675g | / | 300w |
| 0:12 | Altar of Darkness |
| 0:17 | Ziggurat |
| 0:22 | Crypt |
| 0:31 | Acolyte |
| 1:08 | Graveyard |
| 1:14 | Graveyard |
| 1:21 | Graveyard |
| 1:26 | Acolyte |
| 1:31 | Ghoul |
| 1:41 | Nerubian Tower |
| 2:05 | Ghoul |
| 2:13 | Ziggurat |
| 2:41 | Frost Nova |
| 2:45 | Crypt Fiend |
| 3:01 | Crypt Fiend |
| 3:25 | Crypt |
| 3:38 | Ziggurat |
| 3:59 | Crypt Fiend |
| 4:32 | Halls of the Dead |
| 4:34 | Ghoul |
| 5:00 | Creature Carapace |
| 5:16 | Frost Armor |
| 5:20 | Crypt Fiend |
| 5:36 | Crypt Fiend |
| 6:16 | Creature Attack |
| 6:17 | Crypt Fiend |
| 6:46 | Spirit Tower |
| 6:53 | Web |
| 7:41 | Improved Creature Carapace |
| 7:43 | Gargoyle |
| 7:43 | Gargoyle |
| 7:46 | Gargoyle |
| 8:42 | Gargoyle |
| 8:44 | Improved Creature Attack |
| 9:38 | Gargoyle |
| 10:08 | Frost Nova |
| Right click | 212 |
| Chat | 128 |
| Select group | 91 |
| Select | 89 |
| Build/train/purchase | 30 |
| Assign group | 13 |
| Use ability | 5 |
| Esc | 1 |
⇛